 Dungeon Crawl Stone Soup version 0.28-a0-850-g09de17f5b5 (webtiles) character file.

Game seed: 2763235977410692373

215 BinkBink the Firebug (level 6, -3/41 HPs)
             Began as a Human Fire Elementalist on Nov 13, 2021.
             Was an Initiate of Vehumet.
             Slain by an ogre (13 damage)
             ... on level 4 of the Dungeon.
             The game lasted 00:07:25 (4047 turns).

BinkBink the Firebug (Human Fire Elementalist)      Turns: 4047, Time: 00:07:26

Health: -3/41      AC:  2    Str:  8    XL:     6   Next: 15%
Magic:  10/10      EV: 12    Int: 17    God:    Vehumet [......]
Gold:   76         SH:  0    Dex: 14    Spells: 10/11 levels left

rFire   . . .      SeeInvis .   (no weapon)
rCold   . . .      Faith    .   (no shield)
rNeg    . . .      Spirit   .   a - +0 robe
rPois   .          Reflect  .   (no helmet)
rElec   .          Harm     .   (no cloak)
rCorr   .          Rampage  .   (no gloves)
Will    .....                   (no boots)
Stlth   ++........              (no amulet)
HPRegen 0.13/turn               (no ring)
MPRegen 0.12/turn               (no ring)

@: no status effects
A: no striking features
a: Renounce Religion


You were on level 4 of the Dungeon.
You worshipped Vehumet.
Vehumet was noncommittal.
You visited 2 branches of the dungeon, and saw 5 of its levels.

You collected 76 gold pieces.

Inventory:

Armour
 a - a +0 robe (worn)
Jewellery
 j - a ring of protection from cold
Scrolls
 b - 2 scrolls of brand weapon {unknown}
 d - 2 scrolls of identify {unknown}
 e - a scroll of summoning {unknown}
 g - 3 scrolls of immolation {unknown}
 h - 4 scrolls of acquirement {unknown}
 l - a scroll of vulnerability {unknown}
 m - a scroll of enchant armour {unknown}
 o - a scroll of noise {unknown}
Potions
 c - a potion of degeneration {unknown}
 f - 2 potions of curing {unknown}
 i - a potion of heal wounds {unknown}
 k - a potion of berserk rage {unknown}
 n - a potion of lignification {unknown}


   Skills:
 - Level 2.0 Dodging
 - Level 2.0 Stealth
 + Level 3.0 Spellcasting
 * Level 3.6 Conjurations
 + Level 4.5 Fire Magic


You had 10 spell levels left.
You knew the following spells:

 Your Spells              Type           Power      Damage    Failure   Level
a - Foxfire               Conj/Fire      64%        2x1d7     3%          1

Your spell library contained the following spells:

 Spells                   Type           Power      Damage    Failure   Level
 Scorch                   Fire           34%        2d7       4%          2
 Conjure Flame            Conj/Fire      16%        6-21      10%         3
 Inner Flame              Hex/Fire       10%        N/A       21%         3
 Passwall                 Tmut/Erth      1%         N/A       26%         2
 Flame Wave               Conj/Fire      16%        3d5       32%         4
 Call Canine Familiar     Summ           2%         N/A       45%         3
 Portal Projectile        Hex/Tloc       4%         N/A       45%         3
 Swiftness                Air            2%         N/A       45%         3
 Leda's Liquefaction      Hex/Erth       1%         N/A       86%         4


Dungeon Overview and Level Annotations

Branches:
Dungeon (4/15)             Temple (1/1) D:4

Altars:
Ashenzari
Cheibriados
Dithmenos
Elyvilon
Hepliaklqana
Kikubaaqudgha
Makhleb
Okawaru
Qazlal
Ru
Sif Muna
Trog
Uskayaw
Vehumet
Wu Jian
The Shining One

Annotations:
D:4 1 transporter


Message History

The adder is severely wounded.
You conjure some foxfire!
The adder closely misses you.
The foxfire hits the adder.
The adder is almost dead.
The foxfire hits the adder.
You kill the adder!
An ogre comes into view. It is wielding a +0 giant spiked club.
The ogre shouts!
Your foxfire dissipates!
Found a glowing spear.
There is a staircase to the Ecumenical Temple here.
You climb downwards.
Welcome to the Ecumenical Temple!
Found three altars.
There is a staircase back to the Dungeon here.
Magic restored.
Found a snail-covered altar of Cheibriados and a hazy altar of Hepliaklqana.
Found a stormy altar of Qazlal.
Found a glowing golden altar of the Shining One.
There is an ornate altar of the Wu Jian Council here.
Found an ancient bone altar of Kikubaaqudgha.
Found an iron altar of Okawaru.
Found a white marble altar of Elyvilon.
Found a broken altar of Ashenzari and a burning altar of Makhleb.
Found a sacrificial altar of Ru.
Done exploring.
There is a radiant altar of Vehumet here.
You kneel at the altar of Vehumet.
Vehumet welcomes you!
(D) Dungeon (T) Temple
Where to? (Enter - Temple @ (x,y), ? - help)
There is a staircase back to the Dungeon here.
You climb upwards.
Welcome back to the Dungeon!
Level annotation: 1 transporter The ogre hits you with a +0 giant spiked club!!
Ouch! That really hurt!
* * * LOW HITPOINT WARNING * * *
The ogre closely misses you.
There is a staircase to the Ecumenical Temple, spattered with blood here.
The ogre hits you with a +0 giant spiked club!
You die...

...## ...#..
##.#)..
######.....#####
#...##.#.#.....
##...@........##
#...O..#.⌠.#...##
#....#.......#...#
#..#...⌠.>.⌠...#.#
##...#.......#...
##....#.⌠.#...#
#.##.......#.#
#.###.#.#..#.# #.#
#........#


You could see an ogre.

Vanquished Creatures
  Jessica (D:2)
  An orc wizard (D:3)
  Natasha (D:2)
  Robin (D:3)
  5 adders
  3 worms
  2 dart slugs
  3 orcs (D:3)
  2 endoplasms
  2 giant cockroaches
  15 goblins
  6 hobgoblins
  A kobold (D:3)
  5 quokkas
  5 ball pythons
  9 bats
  2 frilled lizards (D:1)
  5 rats
69 creatures vanquished.

Vanquished Creatures (collateral kills)
  2 foxfires (D:3)
2 creatures vanquished.

Vanquished Creatures (others)
  260 foxfires
  3 plants (D:3)
263 creatures vanquished.

Grand Total: 334 creatures vanquished

Notes
Turn   | Place    | Note
-------+----------+-------------------------------------------
     0 | D:1      | BinkBink the Human Fire Elementalist began the quest for
                  | the Orb.
     0 | D:1      | Reached XP level 1. HP: 13/13 MP: 3/3
   367 | D:1      | Reached XP level 2. HP: 19/19 MP: 3/5
  1143 | D:1      | Reached XP level 3. HP: 24/24 MP: 2/6
  1299 | D:2      | Noticed Jessica
  1800 | D:2      | Killed Jessica
  1801 | D:2      | Reached XP level 4. HP: 11/30 MP: 2/7
  2467 | D:3      | Noticed Robin
  2467 | D:3      | Noticed Natasha
  2502 | D:2      | Killed Natasha
  2503 | D:2      | Reached skill level 4 in Fire Magic
  2503 | D:2      | Reached XP level 5. HP: 22/35 MP: 0/9
  2812 | D:3      | Killed Robin
  3202 | D:3      | Reached XP level 6. HP: 36/41 MP: 1/10
  3681 | D:3      | Found a hide-covered altar of Uskayaw.
  3726 | D:3      | Found a shadowy altar of Dithmenos.
  3733 | D:3      | Found a bloodstained altar of Trog.
  3931 | D:4      | Found a transporter.
  3939 | D:4      | Found a staircase to the Ecumenical Temple.
  3961 | D:4      | Noticed an ogre
  3967 | Temple   | Entered the Ecumenical Temple
  4027 | Temple   | Became a worshipper of Vehumet
  4047 | D:4      | Slain by an ogre

Illustrated notes

Levels and vault maps discovered:
D:1:      lightli_arrival_statue_moat, layout_basic, st_stairs_7
D:2:      layout_rooms, minivault_27, uniq_jessica
D:3:      layout_rooms, nicolae_overflow_hidden_temple,
          amethyst_overflow_temple_binary, serial_forest,
          infiniplex_forest_join, infiniplex_forest_end_2,
          infiniplex_forest_lined_room_2, infiniplex_forest_split,
          infiniplex_forest_lined_corner, infiniplex_forest_end_1,
          infiniplex_forest_clump_diagonal, minivault_24, grunt_ministairs_5,
          uniq_robin, uniq_natasha
D:4:      layout_loops_ring, minmay_temple_entry_sparse_star,
          gammafunk_ghost_gnarly_gnolls, kennysheep_generic_room_3
Temple:   cyrus_circular_temple

Skill      XL: |  1  2  3  4  5 |
---------------+----------------+-----
Conjurations   | 2 3 |  3.6
Fire Magic     | 4 |  4.5
Spellcasting   | 3 |  3.0
Dodging        | |  2.0
Stealth        | |  2.0

Action                   |  1- 3 |  4- 6 || total
-------------------------+-------+-------++-------
Melee: Unarmed           |       |     3 ||     3
 Cast: Foxfire           |    83 |    77 ||   160
Armor: Robe              |     8 |     1 ||     9
Dodge: Dodged            |     6 |    15 ||    21

Table legend: (Time is in decaauts)
 A = Elapsed time spent in this place.
 B = Non-inter-level travel time spent in this place.
 C = Inter-level travel time spent in this place.
 D = Time resting spent in this place.
 E = Time spent auto-exploring this place.
 F = Levels seen in this place.
 G = Mean time per level.
                   A        B        C        D        E       F      G
               +--------+--------+--------+--------+--------+-----+--------+
         Total |   4048 |   3933 |    115 |      0 |   3444 |   5 |  809.6 |
       Dungeon |   3980 |   3876 |    104 |      0 |   3397 |   4 |  995.0 |
        Temple |     67 |     56 |     11 |      0 |     47 |   1 |   67.0 |
               +--------+--------+--------+--------+--------+-----+--------+

Top non-repeatable levels by time:
     D:3: 1349 daAuts
     D:1: 1312 daAuts
     D:2: 1254 daAuts
  Temple: 67 daAuts
     D:4: 64 daAuts
